Map: Pride of Altaris LE

Players

jamestkirk - Winner!

  • Race: Protoss Protoss
  • League: Gold
  • Spawn Location: 5:00

Tassadar

  • Race: Zerg Zerg
  • League: Platinum
  • Spawn Location: 11:00

VOD

Have the link to the VOD?

Description

vs Lurker

Time

  • Played on: March 21, 2022, 11:18 a.m.
  • Length: 15:56
Show
View Real Time Build Order
Export as new Build Order

jamestkirk Protoss - Winner!

Build Orders:  

Get SALT Encoding   

  12  0:00  Probe  
  13  0:13  Probe  
  14  0:19  Pylon  
  14  0:27  Probe  
  15  0:39  Probe (Chrono Boost)  
  15  0:40  Gateway  
  16  0:47  Assimilator  
  16  0:51  Probe (Chrono Boost)  
  17  1:00  Probe (Chrono Boost)  
  18  1:17  Probe  
  19  1:27  Zealot  
  19  1:29  Probe  
  22  1:36  Cybernetics Core  
  22  1:43  Probe  
  23  2:00  Nexus  
  23  2:12  Pylon  
  23  2:15  Assimilator  
  23  2:30  Zealot, Probe (Chrono Boost)  
  23  2:31  Pylon  
  26  2:41  Probe (Chrono Boost)  
  27  2:46  Probe (Chrono Boost)  
  28  2:57  Gateway  
  28  3:06  Robotics Facility  
  28  3:21  Gateway  
  28  3:26  Shield Battery  
  26  3:27  Probe  
  27  3:39  Probe  
  28  3:47  Stalker (Chrono Boost)  
  30  3:49  Stalker (Chrono Boost)  
  30  3:52  Probe  
  34  3:58  Observer  
  33  4:04  Probe  
  33  4:15  Stalker (Chrono Boost)  
  34  4:17  Stalker (Chrono Boost)  
  34  4:39  Immortal  
  34  4:41  Probe  
  34  4:43  Warp Gate (Chrono Boost)  
  39  4:50  Probe  
  40  4:54  Probe (Chrono Boost)  
  41  5:02  Probe (Chrono Boost)  
  41  5:06  Probe (Chrono Boost)  
  43  5:11  Probe (Chrono Boost)  
  43  5:12  Probe (Chrono Boost)  
  45  5:16  Probe (Chrono Boost)  
  45  5:20  Probe  
  47  5:23  Stalker  
  47  5:25  Stalker  
  51  5:33  Probe x2 (Chrono Boost)  
  53  5:45  Probe (Chrono Boost)  
  53  5:49  Pylon  
  54  5:56  Pylon  
  54  6:07  Probe x2  
  56  6:19  Probe x2  
  58  6:31  Probe x2  
  60  6:43  Probe  
  60  6:44  Forge, Probe  
  60  6:45  Forge  
  60  6:46  Immortal  
  64  6:49  Twilight Council  
  64  6:56  Probe x2  
  64  7:00  Nexus  
  66  7:08  Probe, Pylon  
  67  7:11  Pylon, Probe  
  67  7:14  Protoss Ground Weapons Level 1 (Chrono Boost)  
  67  7:15  Protoss Ground Armor Level 1 (Chrono Boost)  
  68  7:17  Assimilator  
  68  7:20  Probe, Assimilator  
  69  7:23  Probe  
  69  7:29  Observer  
  71  7:32  Probe  
  71  7:36  Probe, Pylon  
  73  7:39  Pylon  
  73  7:42  Pylon  
  73  7:43  Zealot x3  
  79  7:44  Probe  
  80  7:53  Immortal, Charge (Chrono Boost)  
  84  8:01  Probe x2  
  86  8:08  Photon Cannon  
  86  8:10  Photon Cannon  
  86  8:13  Probe x2, Pylon  
  86  8:19  Shield Battery  
  88  8:22  Gateway  
  88  8:25  Probe x2  
  90  8:36  Gateway  
  90  8:37  Probe (Chrono Boost)  
  90  8:40  Shield Battery  
  93  8:43  Probe x2 (Chrono Boost)  
  93  8:47  Probe (Chrono Boost)  
  94  8:51  Probe x3 (Chrono Boost)  
  97  9:01  Probe  
  97  9:02  Probe  
  99  9:03  Probe  
  100  9:13  Probe  
  100  9:14  Probe  
  100  9:15  Probe  
  103  9:19  Pylon  
  103  9:20  Protoss Ground Weapons Level 2 (Chrono Boost)  
  103  9:21  Protoss Ground Armor Level 2 (Chrono Boost)  
  101  9:39  Zealot x4  
  101  9:40  Zealot  
  110  9:57  Gateway  
  110  9:59  Gateway  
  110  10:02  Gateway  
  110  10:03  Zealot x5, Templar Archives  
  110  10:04  Gateway  
  120  10:07  Gateway  
  120  10:10  Gateway  
  96  10:24  Zealot x5  
  81  10:29  Immortal (Chrono Boost)  
  85  10:47  Robotics Facility  
  85  10:52  Probe x3  
  88  11:00  Zealot x6  
  88  11:01  Zealot x3  
  107  11:04  Probe x3  
  109  11:16  Probe  
  110  11:24  High Templar x8  
  110  11:25  High Templar x2  
  130  11:27  Pylon  
  130  11:29  Archon  
  130  11:30  Archon x4  
  116  11:44  Zealot  
  100  11:56  Zealot x4  
  100  11:57  Zealot x5  
  100  11:58  Zealot  
  114  12:12  Zealot  
  101  12:30  Observer (Chrono Boost)  
  101  12:44  Immortal (Chrono Boost)  
  105  12:45  Protoss Ground Weapons Level 3 (Chrono Boost)  
  105  12:46  Protoss Ground Armor Level 3 (Chrono Boost)  
  105  12:48  Immortal (Chrono Boost)  
  109  12:53  Zealot x8  
  109  12:54  Zealot x3  
  101  13:20  Zealot x3  
  101  13:21  Zealot x6  
  101  13:22  Zealot x2  
  101  13:24  Immortal (Chrono Boost)  
  127  13:29  Immortal (Chrono Boost)  
  131  13:42  Zealot x3  
  131  13:43  Zealot x2  
  141  13:53  Pylon  
  141  13:54  Pylon  
  141  13:55  Pylon  
  141  13:57  Pylon  
  141  14:01  Nexus  
  141  14:15  Nexus  
  141  14:16  Pylon  
  141  14:22  Zealot x7  
  141  14:23  Zealot x2  
  141  14:24  Zealot x2  
  163  14:59  Zealot  
  161  15:00  Zealot x6  
  161  15:01  Zealot x2  
Show
View Real Time Build Order
Export as new Build Order

Tassadar Zerg 

Build Orders: Hatch First, Lurkers 

Get SALT Encoding   

  12  0:00  Drone  
  13  0:11  Drone  
  14  0:27  Overlord  
  14  0:43  Hatchery  
  14  0:45  Drone  
  14  0:49  Drone  
  15  0:53  Drone  
  16  1:12  Spawning Pool  
  16  1:14  Drone  
  16  1:15  Drone  
  17  1:22  Extractor, Drone  
  17  1:33  Extractor  
  17  1:35  Drone  
  17  1:50  Drone  
  17  1:51  Drone  
  19  2:00  Queen  
  21  2:12  Drone  
  21  2:13  Drone  
  23  2:16  Drone  
  23  2:17  Drone  
  25  2:23  Queen  
  25  2:25  Drone  
  25  2:29  Extractor  
  27  2:30  Extractor, Zergling x2  
  27  2:32  Zergling x2  
  28  2:39  Overlord  
  28  3:03  Zergling x2  
  28  3:04  Zergling x2  
  30  3:07  Zergling x6  
  29  3:25  Drone x2  
  30  3:34  Queen  
  30  3:37  Queen  
  34  3:42  Spore Crawler  
  34  3:43  Drone  
  34  3:44  Drone  
  34  3:48  Overlord x3  
  35  4:07  Zergling x12  
  35  4:25  Drone  
  35  4:26  Drone  
  37  4:32  Roach Warren  
  36  4:40  Hatchery  
  35  4:47  Lair  
  35  4:50  Metabolic Boost  
  35  4:51  Drone  
  35  4:52  Drone x4  
  40  5:10  Drone x3  
  40  5:12  Drone x4  
  47  5:16  Queen  
  49  5:28  Roach x4  
  51  5:29  Roach  
  51  5:32  Overlord x3  
  58  6:06  Roach  
  58  6:07  Roach x10  
  80  6:21  Overseer x2  
  80  6:33  Hydralisk Den, Drone  
  80  6:34  Drone x7  
  80  6:36  Infestation Pit  
  86  6:49  Ravager x4  
  86  6:52  Overlord x7  
  90  7:06  Overlord x4  
  90  7:09  Queen  
  90  7:14  Hive  
  92  7:23  Lurker Den  
  92  7:24  Drone x2  
  92  7:25  Drone  
  92  7:26  Spore Crawler, Drone  
  92  7:27  Spore Crawler  
  92  7:28  Drone  
  94  7:31  Grooved Spines  
  94  7:33  Roach  
  94  7:34  Roach  
  94  7:36  Infestor  
  100  7:41  Hydralisk  
  103  7:58  Zergling x2  
  103  7:59  Zergling x18  
  112  8:13  Ravager x2  
  112  8:14  Ravager x2  
  116  8:22  Drone  
  116  8:23  Drone x5  
  122  8:28  Muscular Augments  
  122  8:46  Hatchery  
  122  8:48  Hatchery  
  120  8:58  Hydralisk x5  
  120  8:59  Hatchery, Hydralisk  
  131  9:04  Seismic Spines  
  131  9:12  Hydralisk x3  
  133  9:43  Hydralisk  
  133  9:44  Hydralisk x6  
  147  10:01  Adaptive Talons  
  147  10:04  Drone  
  147  10:05  Drone x6  
  154  10:09  Extractor  
  154  10:10  Extractor  
  154  10:13  Evolution Chamber x2  
  150  10:16  Evolution Chamber  
  134  10:22  Extractor  
  134  10:26  Extractor  
  125  10:51  Queen  
  125  10:52  Queen  
  125  10:53  Queen  
  125  10:55  Overlord  
  125  10:56  Overlord x2  
  131  10:57  Drone x3  
  131  10:58  Drone  
  131  10:59  Drone x2  
  131  11:02  Extractor x2  
  135  11:07  Drone  
  135  11:08  Drone  
  137  11:16  Extractor  
  137  11:17  Extractor  
  135  11:20  Hydralisk x2  
  135  11:21  Hydralisk x3, Viper  
  135  11:22  Hydralisk x3, Viper  
  135  11:24  Hydralisk x3  
  91  12:17  Zergling x2  
  91  12:18  Zergling x50  
  113  12:24  Lurker x3  
  113  12:25  Lurker x2  
  113  12:26  Lurker  
  113  12:29  Zerg Melee Weapons Level 1, Zerg Missile Weapons Level 1  
  119  12:30  Zerg Ground Armor Level 1  
  119  12:38  Ultralisk Cavern  
  118  12:45  Drone x4  
  118  12:49  Drone x2  
  118  12:50  Drone x3  
  92  13:16  Hydralisk x4  
  92  13:17  Hydralisk x2  
  89  13:31  Drone x7  
  96  13:49  Ultralisk  
  102  13:59  Drone  
  102  14:00  Drone x6  
  109  14:15  Lurker  
  109  14:16  Lurker x5  
  115  14:17  Zergling x4  
  115  14:18  Zergling x6  
  97  14:45  Ultralisk x2  
  113  14:47  Ultralisk  
  93  15:07  Ultralisk x2  
  93  15:08  Ultralisk  
  103  15:17  Drone x3  
Tags
 
Composition
Lurkers
Matchup
PvZ
Spawn Locations
Cross Positions
Add a new tag
Caveats
  • Supply blocks, unpowered buildings, or Contaminate may cause inaccurate times.
  • Supply counts are checked every 10 seconds.